 BcadrenCrawl: Boulder Brew version 0.05.11-13-g0c88109629 (webtiles) character file.

Game seed: 13861439847821569018, levelgen mode: deterministic

12 BR41ND34D the Stinger (level 2, -2/17 HPs) Lignifite Venom Mage. Began on June 16, 2021. Slain by a crocodile (19 damage) ... on level 2 of the Dungeon. The game lasted 00:04:52 (716 turns).

BR41ND34D the Stinger (Lignifite Venom Mage)         Turns: 716, Time: 00:04:53

Health: -2/17      AC:  1    Str: 13    XL:     2 ^: 23
Magic:  5/6        EV: 16    Int: 16    God:
Gold:   35         SH:  1    Dex:  8    Spells: 4/5 levels left

rFire    x . .     Vision   .   (weapon restricted)
rCold    . . .     Gourm    .   (weapon restricted)
rNeg     . . .     Faith    .   a - +0 robe
rPois    +         Spirit   .   (helmet restricted)
rElec    .         Reflect  .   (no cloak)
rCorr    .         Harm     .   (gloves unavailable)
MR       .....                  (boots unavailable)
Stlth    ++........             (no amulet)
HPRegen  0.15/turn              (no ring)
MPRegen  0.16/turn              (no ring)

@: very slightly contaminated, very quick
A: very small, unfitting armour, branches (SH +, deformed body 1, speed 3,
poison resistance, slow metabolism 1, torment resistance, plant, woody flesh
(rF-) 1, rot immunity
a: no special abilities


You were on level 2 of the Dungeon.
You were not hungry.

You visited 1 branch of the dungeon, and saw 2 of its levels.

You collected 35 gold pieces.

Inventory:

Weapons
 b - a +0 dagger
Armour
 a - a +0 robe (worn)
Jewellery
 e - a cursed ring of strength {(Curse: rF-)}
Scrolls
 d - a scroll of blinking
 f - a scroll of teleportation
 g - a scroll of enchantment
 h - a scroll of summoning
 i - a scroll of immolation
Potions
 j - 2 potions of curing
Comestibles
 c - a ration


   Skills:
 + Level 1.0 Dodging
 + Level 1.9 Stealth
 * Level 2.4 Spellcasting
 + Level 1.0 Air Magic
 * Level 4.1 Poison Magic


You had 4 spell levels left.
You knew the following spells:

 Your Spells              Type           Power        Failure   Level  Hunger
a - Poisonous Vapours     Pois/Air       10 (50)      7%          1    #......

Your spell library contained the following spells:

 Spells                   Type           Power        Failure   Level  Hunger
 Sting                    Pois           15 (25)      5%          2    ###....
 Mephitic Cloud           Pois/Air       10 (100)     21%         3    ###....
 Olgreb's Toxic Radiance  Pois           15 (100)     34%         4    #####..
 Ignite Poison            Fire/Tmut      1 (100)      52%         3    ###....


Dungeon Overview and Level Annotations

Branches:
Dungeon (2/8)

Altars:


Innate Abilities, Weirdness & Mutations

You are very small and have problems with some larger weapons.
You are too small for most types of armour.
A tangle of shorter branches protects your body from attack. (SH +1)
Armour fits poorly on your strangely shaped body.
You cover ground extremely quickly.
Your system is resistant to poisons. (rPois)
You have a slow metabolism.
You are immune to unholy pain and torment.
You require very little carbon dioxide to survive.
Your woody flesh burns easily. (rF-)
You are immune to rotting.


Message History

Moving in this stuff is going to be slow.
Casting: Poisonous Vapours (safe; 7% risk of failure)
Confirm with . or Enter, or press ? or * to list all spells.
Aiming: Poisonous Vapours (safe; 7% risk of failure)
Press: ? - help, Dir - move target cursor, f/p - crocodile
Aim: a crocodile (moderately wounded (18/27)) Poisonous vapours surround the crocodile!
The crocodile is engulfed in poison gas (4).
The crocodile is poisoned.
The crocodile looks more healthy.
The crocodile barely misses you (0).
Casting: Poisonous Vapours (safe; 7% risk of failure)
Confirm with . or Enter, or press ? or * to list all spells.
Aiming: Poisonous Vapours (safe; 7% risk of failure)
Press: ? - help, Dir - move target cursor, f/p - crocodile
Aim: a crocodile (heavily wounded (14/27))
You miscast Poisonous Vapours.
You are very lightly contaminated with residual magic.
Nothing appears to happen.
The crocodile bites you (19)!!
Ouch! That really hurt!
You die...

####################
#≈#.≈≈#≈≈≈P#≈.#≈.≈.#
#≈...##.@t.##..≈..≈#
#≈.....≈..##..≈#<≈##
#...≈..≈#.≈#..[#..≈#
#..######≈≈#.≈###≈≈##
#..≈#≈..≈≈≈#.##.##≈≈#
#..###...≈≈###.†....#
#..≈#.≈..##≈≈#...≈.≈#
#..≈##..##≈.....≈.###
#..≈.##P...≈...≈###


You could see a crocodile.

Vanquished Creatures
  2 leopard geckos
  A goblin (D:1)
  4 hobgoblins (D:1)
  A bat (D:1)
  A rat (D:1)
9 creatures vanquished.

Vanquished Creatures (others)
  8 withered plants (D:2)
8 creatures vanquished.

Grand Total: 17 creatures vanquished

Notes
Turn   | Place    | Note
-------+----------+-------------------------------------------
     0 | D:1      | BR41ND34D the Lignifite Venom Mage began the quest for the
                  | Orb.
     0 | D:1      | Reached XP level 1. HP: 11/11 MP: 4/4
   241 | D:1      | Reached skill level 4 in Poison Magic
   465 | D:1      | Reached XP level 2. HP: 17/17 MP: 3/6
   653 | D:2      | Reached skill level 1 in Dodging
   686 | D:2      | Noticed a crocodile
   716 | D:2      | Slain by a crocodile

Levels and vault maps discovered:
D:1:      sevenhm_arrival_forest_fort_large_4, layout_basic, serial_glass,
          glass_columns_c, glass_columns_a, feat_on_display
D:2:      layout_sewer, elyvilon_niche, first_ration, minmay_mini_ossuary

Skill      XL: |  1  2 |
---------------+-------+-----
Poison Magic   | 4 |  4.1
Dodging        | 1 |  1.0
Stealth        | |  1.9
Spellcasting   | |  2.4
Air Magic      | |  1.0

Action                   || total
-------------------------++-------
 Cast: Poisonous Vapours ||    13
Dodge: Dodged            ||     4
